Workbook

Sheet 物流部费用（总）
A1: 成本中心 | B1: 费用类型 | C1: 费用科目 | D1: 科目名称 | E1: 2024年1月 | F1: 2025年1月 | G1: 2024年2月 | H1: 2025年2月 | I1: 2024年3月 | J1: 2025年3月 | K1: 2024年4月 | L1: 2025年4月 | M1: 2024年5月 | N1: 2025年5月 | O1: 2024年6月 | P1: 2025年6月 | Q1: 2024年7月 | R1: 2025年7月 | S1: 2024年8月 | T1: 2025年8月 | U1: 2024年9月 | V1: 2025年9月 | W1: 2024年10月 | X1: 2025年10月 | Y1: 2024年11月 | Z1: 2025年11月 | AA1: 2024年12月 | AB1: 2025年12月21日 | AC1: 2024年合计 | AD1: 2025年合计
A2: 物流部-运输组 | B2: 运输费用 | C2: =VLOOKUP(B2,核算科目!B:C,2,0) -> 日常费用项目 | D2: 华润沧州医药有限公司.物流部-运输组.主营业务成本-运输成本.-.-.-.-.-.-.- | E2: 121612.06 | F2: -10073.49 | G2: 67529.22 | H2: 121038.28 | I2: 37601.54 | J2: 37822.44 | K2: 35948.97 | L2: 61672.05 | M2: 140749.32 | N2: 64856.62 | O2: 59147.71 | P2: 43613.01 | Q2: 67413.06 | R2: 115793.77 | S2: 45866.33 | T2: 60840.91 | U2: -37584.26 | V2: 56145.67 | W2: 164442.85 | X2: 30983.85 | Y2: 113095.75 | Z2: 77643.72 | AA2: 273740.85 | AB2: 137384.93 | AC2: =E2+G2+I2+K2+M2+O2+Q2+S2+U2+W2+Y2+AA2 -> 1089563.4 | AD2: =F2+H2+J2+L2+N2+P2+R2+T2+V2+X2+Z2+AB2 -> 797721.76
A3: 物流部-运输组 | B3: 其他 | C3: =VLOOKUP(B3,核算科目!B:C,2,0) -> 日常费用项目 | D3: 华润沧州医药有限公司.物流部-运输组.税金及附加-车船税.-.-.-.-.-.-.- | E3: 0 | F3: 38.16 | G3: 0 | H3: 660 | I3: 0 | J3: 0 | K3: 98.24 | L3: 98.24 | M3: 0 | N3: 0 | O3: 77.07 | P3: 98.4 | Q3: 51.36 | R3: 51.36 | S3: 0 | T3: 0 | U3: 0 | V3: 0 | W3: 0 | X3: 0 | Y3: 0 | Z3: 44.88 | AA3: 44.88 | AB3: 0 | AC3: =E3+G3+I3+K3+M3+O3+Q3+S3+U3+W3+Y3+AA3 -> 271.55 | AD3: =F3+H3+J3+L3+N3+P3+R3+T3+V3+X3+Z3+AB3 -> 991.04
A4: 物流部 | B4: 工资 | C4: =VLOOKUP(B4,核算科目!B:C,2,0) -> 员工成本 | D4: 华润沧州医药有限公司.物流部.销售费用-员工成本-工资.基本工资.-.-.-.-.-.- | E4: 12367 | F4: 19814 | G4: 23004 | H4: 19368 | I4: 17594 | J4: 20106 | K4: 20916 | L4: 17162 | M4: 17718 | N4: 20497 | O4: 19628 | P4: 18902 | Q4: 18298 | R4: 39838.4 | S4: 19032 | T4: 8928.3 | U4: 17586 | V4: 18936 | W4: 21168 | X4: 22466.74 | Y4: 17439 | Z4: 17907.63 | AA4: 18939 | AB4: 29607.44 | AC4: =E4+G4+I4+K4+M4+O4+Q4+S4+U4+W4+Y4+AA4 -> 223689 | AD4: =F4+H4+J4+L4+N4+P4+R4+T4+V4+X4+Z4+AB4 -> 253533.51
A5: 物流部-运输组 | B5: 工资 | C5: =VLOOKUP(B5,核算科目!B:C,2,0) -> 员工成本 | D5: 华润沧州医药有限公司.物流部-运输组.销售费用-员工成本-工资.基本工资.-.-.-.-.-.- | E5: 58896.55 | F5: 61910.33 | G5: 86648.04 | H5: 67702.52 | I5: 72505.89 | J5: 76092.16 | K5: 83507.56 | L5: 63887.64 | M5: 61863.51 | N5: 74304.68 | O5: 74598.53 | P5: 68862.04 | Q5: 70726.58 | R5: 65526.31 | S5: 68930.31 | T5: 66303.55 | U5: 63325.53 | V5: 65878.1 | W5: 79601.93 | X5: 75855.2 | Y5: 63270.97 | Z5: 65210.59 | AA5: 69125.09 | AB5: 69774.06 | AC5: =E5+G5+I5+K5+M5+O5+Q5+S5+U5+W5+Y5+AA5 -> 853000.49 | AD5: =F5+H5+J5+L5+N5+P5+R5+T5+V5+X5+Z5+AB5 -> 821307.18
A6: 物流部-仓储组 | B6: 工资 | C6: =VLOOKUP(B6,核算科目!B:C,2,0) -> 员工成本 | D6: 华润沧州医药有限公司.物流部-仓储组.销售费用-员工成本-工资.基本工资.-.-.-.-.-.- | E6: 94302.44 | F6: 112227.72 | G6: 103190.96 | H6: 112646.43 | I6: 85756.25 | J6: 112592.02 | K6: 107336.21 | L6: 88790.41 | M6: 91397.02 | N6: 115617.55 | O6: 99344.83 | P6: 104182.39 | Q6: 96046.49 | R6: 91096.97 | S6: 105222.58 | T6: 114457.22 | U6: 94229.04 | V6: 108630.88 | W6: 115656.99 | X6: 130909.82 | Y6: 97376.53 | Z6: 99484.71 | AA6: 107559.53 | AB6: 102709.21 | AC6: =E6+G6+I6+K6+M6+O6+Q6+S6+U6+W6+Y6+AA6 -> 1197418.9 | AD6: =F6+H6+J6+L6+N6+P6+R6+T6+V6+X6+Z6+AB6 -> 1293345.3
A7: 物流部-综合组 | B7: 工资 | C7: =VLOOKUP(B7,核算科目!B:C,2,0) -> 员工成本 | D7: 华润沧州医药有限公司.物流部-综合组.销售费用-员工成本-工资.基本工资.-.-.-.-.-.- | E7: 4516 | F7: 5626 | G7: 5756 | H7: 5123 | I7: 5036 | J7: 5538 | K7: 5549 | L7: 4933 | M7: 4918.48 | N7: 5557 | O7: 5437.26 | P7: 5301 | Q7: 4970 | R7: 5424 | S7: 5381 | T7: 5178 | U7: 4777 | V7: 5210 | W7: 5893 | X7: 6392 | Y7: 4894 | Z7: 4924 | AA7: 5258 | AB7: 5589 | AC7: =E7+G7+I7+K7+M7+O7+Q7+S7+U7+W7+Y7+AA7 -> 62385.74 | AD7: =F7+H7+J7+L7+N7+P7+R7+T7+V7+X7+Z7+AB7 -> 64795
A8: 物流部 | B8: 奖金 | C8: =VLOOKUP(B8,核算科目!B:C,2,0) -> 员工成本 | D8: 华润沧州医药有限公司.物流部.销售费用-员工成本-奖金.-.-.-.-.-.-.- | E8: 0 | G8: 1200 | I8: -600 | J8: 16600 | K8: 0 | L8: -8300 | M8: 0 | N8: 0 | O8: 0 | P8: 0 | Q8: 0 | R8: 0 | S8: 0 | T8: 4000 | U8: 0 | V8: -2000 | W8: 0 | X8: 0 | Y8: 0 | Z8: 0 | AA8: 0 | AB8: 0 | AC8: =E8+G8+I8+K8+M8+O8+Q8+S8+U8+W8+Y8+AA8 -> 600 | AD8: =F8+H8+J8+L8+N8+P8+R8+T8+V8+X8+Z8+AB8 -> 10300
A9: 物流部-运输组 | B9: 奖金 | C9: =VLOOKUP(B9,核算科目!B:C,2,0) -> 员工成本 | D9: 华润沧州医药有限公司.物流部-运输组.销售费用-员工成本-奖金.-.-.-.-.-.-.- | E9: 0 | G9: 8350 | I9: -4175 | J9: 7800 | K9: 0 | L9: -3500 | M9: 0 | N9: -200 | O9: 0 | P9: 0 | Q9: 0 | R9: 0 | S9: 0 | T9: 0 | U9: 0 | V9: 0 | W9: 0 | X9: 0 | Y9: 0 | Z9: 0 | AA9: 0 | AB9: 0 | AC9: =E9+G9+I9+K9+M9+O9+Q9+S9+U9+W9+Y9+AA9 -> 4175 | AD9: =F9+H9+J9+L9+N9+P9+R9+T9+V9+X9+Z9+AB9 -> 4100
A10: 物流部-仓储组 | B10: 奖金 | C10: =VLOOKUP(B10,核算科目!B:C,2,0) -> 员工成本 | D10: 华润沧州医药有限公司.物流部-仓储组.销售费用-员工成本-奖金.-.-.-.-.-.-.- | E10: 200 | G10: 12750 | I10: -6425 | J10: 13500 | K10: 0 | L10: -6350 | M10: 0 | N10: -200 | O10: 0 | P10: 0 | Q10: 0 | R10: 0 | S10: 0 | T10: 0 | U10: 0 | V10: 0 | W10: 0 | X10: 0 | Y10: 0 | Z10: 0 | AA10: 0 | AB10: 0 | AC10: =E10+G10+I10+K10+M10+O10+Q10+S10+U10+W10+Y10+AA10 -> 6525 | AD10: =F10+H10+J10+L10+N10+P10+R10+T10+V10+X10+Z10+AB10 -> 6950
A11: 物流部-综合组 | B11: 奖金 | C11: =VLOOKUP(B11,核算科目!B:C,2,0) -> 员工成本 | D11: 华润沧州医药有限公司.物流部-综合组.销售费用-员工成本-奖金.-.-.-.-.-.-.- | E11: 0 | G11: 600 | I11: -300 | J11: 2000 | K11: 0 | L11: -1000 | M11: 0 | N11: 0 | O11: 0 | P11: 0 | Q11: 0 | R11: 0 | S11: 0 | T11: 0 | U11: 0 | V11: 0 | W11: 0 | X11: 0 | Y11: 0 | Z11: 0 | AA11: 0 | AB11: 0 | AC11: =E11+G11+I11+K11+M11+O11+Q11+S11+U11+W11+Y11+AA11 -> 300 | AD11: =F11+H11+J11+L11+N11+P11+R11+T11+V11+X11+Z11+AB11 -> 1000
A12: 物流部 | B12: 津贴及补贴 | C12: =VLOOKUP(B12,核算科目!B:C,2,0) -> 员工成本 | D12: 华润沧州医药有限公司.物流部.销售费用-员工成本-津贴及补贴.-.-.-.-.-.-.- | E12: 956 | F12: 1176 | G12: 1396 | H12: 1216 | I12: 1176 | J12: 1196 | K12: 1176 | L12: 1196 | M12: 1176 | N12: 1196 | O12: 1176 | P12: 1196 | Q12: 1176 | R12: 2868 | S12: 1176 | T12: 360 | U12: 1176 | V12: 1196 | W12: 1176 | X12: 1196 | Y12: 1176 | Z12: 1196 | AA12: 1176 | AB12: 2004 | AC12: =E12+G12+I12+K12+M12+O12+Q12+S12+U12+W12+Y12+AA12 -> 14112 | AD12: =F12+H12+J12+L12+N12+P12+R12+T12+V12+X12+Z12+AB12 -> 15996
A13: 物流部-运输组 | B13: 津贴及补贴 | C13: =VLOOKUP(B13,核算科目!B:C,2,0) -> 员工成本 | D13: 华润沧州医药有限公司.物流部-运输组.销售费用-员工成本-津贴及补贴.-.-.-.-.-.-.- | E13: 11734 | F13: 11244 | G13: 14508 | H13: 13440 | I13: 13040 | J13: 12544 | K13: 13032 | L13: 12048 | M13: 11876 | N13: 12288 | O13: 12504 | P13: 12748 | Q13: 12536 | R13: 14088 | S13: 11692 | T13: 13472 | U13: 11984 | V13: 13360 | W13: 12082 | X13: 13038 | Y13: 12042 | Z13: 13654 | AA13: 12052 | AB13: 13206 | AC13: =E13+G13+I13+K13+M13+O13+Q13+S13+U13+W13+Y13+AA13 -> 149082 | AD13: =F13+H13+J13+L13+N13+P13+R13+T13+V13+X13+Z13+AB13 -> 155130
A14: 物流部-仓储组 | B14: 津贴及补贴 | C14: =VLOOKUP(B14,核算科目!B:C,2,0) -> 员工成本 | D14: 华润沧州医药有限公司.物流部-仓储组.销售费用-员工成本-津贴及补贴.-.-.-.-.-.-.- | E14: 8096 | F14: 9984 | G14: 10724 | H14: 10216 | I14: 11659.2 | J14: 10412 | K14: 8140.4 | L14: 9248 | M14: 9320 | N14: 10424 | O14: 9312 | P14: 9984 | Q14: 9844 | R14: 8244 | S14: 9652 | T14: 10876 | U14: 9624 | V14: 10116 | W14: 9604 | X14: 10114 | Y14: 9788 | Z14: 10052 | AA14: 10268 | AB14: 9242 | AC14: =E14+G14+I14+K14+M14+O14+Q14+S14+U14+W14+Y14+AA14 -> 116031.6 | AD14: =F14+H14+J14+L14+N14+P14+R14+T14+V14+X14+Z14+AB14 -> 118912
A15: 物流部-综合组 | B15: 津贴及补贴 | C15: =VLOOKUP(B15,核算科目!B:C,2,0) -> 员工成本 | D15: 华润沧州医药有限公司.物流部-综合组.销售费用-员工成本-津贴及补贴.-.-.-.-.-.-.- | E15: 368 | F15: 488 | G15: 608 | H15: 528 | I15: 488 | J15: 508 | K15: 488 | L15: 508 | M15: 488 | N15: 508 | O15: 488 | P15: 508 | Q15: 488 | R15: 508 | S15: 488 | T15: 508 | U15: 488 | V15: 508 | W15: 488 | X15: 508 | Y15: 488 | Z15: 508 | AA15: 488 | AB15: 508 | AC15: =E15+G15+I15+K15+M15+O15+Q15+S15+U15+W15+Y15+AA15 -> 5856 | AD15: =F15+H15+J15+L15+N15+P15+R15+T15+V15+X15+Z15+AB15 -> 6096
A16: 物流部-仓储组 | B16: 工作餐 | C16: =VLOOKUP(B16,核算科目!B:C,2,0) -> 员工成本 | D16: 华润沧州医药有限公司.物流部-仓储组.销售费用-员工成本-福利费-工作餐.-.-.-.-.-.-.- | E16: 0 | F16: 0 | G16: 8505 | H16: 7125 | I16: 5100 | J16: 5655 | K16: 6420 | L16: 6300 | M16: 7860 | N16: 6165 | O16: 7845 | P16: 5655 | Q16: 7170 | R16: 8295 | S16: 6885 | T16: 9510 | U16: 6915 | V16: 8985 | W16: 7005 | X16: 11070 | Y16: 5670 | Z16: 9430 | AA16: 12210 | AB16: 8760 | AC16: =E16+G16+I16+K16+M16+O16+Q16+S16+U16+W16+Y16+AA16 -> 81585 | AD16: =F16+H16+J16+L16+N16+P16+R16+T16+V16+X16+Z16+AB16 -> 86950
A17: 物流部 | B17: 基本医疗保险 | C17: =VLOOKUP(B17,核算科目!B:C,2,0) -> 员工成本 | D17: 华润沧州医药有限公司.物流部.销售费用-员工成本-社会保险费-基本医疗保险.-.-.-.-.-.-.- | E17: 1270.1 | F17: 1471.51 | G17: 1486.1 | H17: 1687.51 | I17: 1162.1 | J17: 1363.51 | K17: 1270.1 | L17: 1471.51 | M17: 1270.1 | N17: 1471.51 | O17: 1270.1 | P17: 1471.51 | Q17: 1270.1 | R17: 3468.87 | S17: 1672.92 | T17: 745.85 | U17: 1471.51 | V17: 1608.02 | W17: 1471.51 | X17: 1608.02 | Y17: 1471.51 | Z17: 1608.02 | AA17: 1471.51 | AB17: 2623.38 | AC17: =E17+G17+I17+K17+M17+O17+Q17+S17+U17+W17+Y17+AA17 -> 16557.66 | AD17: =F17+H17+J17+L17+N17+P17+R17+T17+V17+X17+Z17+AB17 -> 20599.22
A18: 物流部-运输组 | B18: 基本医疗保险 | C18: =VLOOKUP(B18,核算科目!B:C,2,0) -> 员工成本 | D18: 华润沧州医药有限公司.物流部-运输组.销售费用-员工成本-社会保险费-基本医疗保险.-.-.-.-.-.-.- | E18: 7449.63 | F18: 6140.51 | G18: 9069.63 | H18: 8043.85 | I18: 6639.63 | J18: 5937.85 | K18: 7449.63 | L18: 6639.85 | M18: 6487.29 | N18: 6639.85 | O18: 6968.46 | P18: 6639.85 | Q18: 6968.46 | R18: 6639.85 | S18: 7309.92 | T18: 6921.93 | U18: 7139.19 | V18: 6780.89 | W18: 7139.19 | X18: 6780.89 | Y18: 7139.19 | Z18: 6780.89 | AA18: 7139.19 | AB18: 6780.89 | AC18: =E18+G18+I18+K18+M18+O18+Q18+S18+U18+W18+Y18+AA18 -> 86899.41 | AD18: =F18+H18+J18+L18+N18+P18+R18+T18+V18+X18+Z18+AB18 -> 80727.1
A19: 物流部-仓储组 | B19: 基本医疗保险 | C19: =VLOOKUP(B19,核算科目!B:C,2,0) -> 员工成本 | D19: 华润沧州医药有限公司.物流部-仓储组.销售费用-员工成本-社会保险费-基本医疗保险.-.-.-.-.-.-.- | E19: 10671.05 | F19: 10486.14 | G19: 11216.92 | H19: 13860.82 | I19: 8543.4 | J19: 9797.48 | K19: 10585.74 | L19: 10094.8 | M19: 9142.23 | N19: 10432.14 | O19: 9623.4 | P19: 10486.14 | Q19: 9623.4 | R19: 8488.78 | S19: 10350.2 | T19: 11850.78 | U19: 9986.8 | V19: 11792.48 | W19: 9986.8 | X19: 11122.8 | Y19: 11093.48 | Z19: 11176.8 | AA19: 10432.14 | AB19: 10161.44 | AC19: =E19+G19+I19+K19+M19+O19+Q19+S19+U19+W19+Y19+AA19 -> 121255.56 | AD19: =F19+H19+J19+L19+N19+P19+R19+T19+V19+X19+Z19+AB19 -> 129750.6
A20: 物流部-综合组 | B20: 基本医疗保险 | C20: =VLOOKUP(B20,核算科目!B:C,2,0) -> 员工成本 | D20: 华润沧州医药有限公司.物流部-综合组.销售费用-员工成本-社会保险费-基本医疗保险.-.-.-.-.-.-.- | E20: 481.17 | F20: 499.34 | G20: 589.17 | H20: 607.34 | I20: 427.17 | J20: 445.34 | K20: 481.17 | L20: 499.34 | M20: 481.17 | N20: 499.34 | O20: 481.17 | P20: 499.34 | Q20: 481.17 | R20: 499.34 | S20: 517.51 | T20: 516.02 | U20: 499.34 | V20: 507.68 | W20: 499.34 | X20: 507.68 | Y20: 499.34 | Z20: 507.68 | AA20: 499.34 | AB20: 507.68 | AC20: =E20+G20+I20+K20+M20+O20+Q20+S20+U20+W20+Y20+AA20 -> 5937.06 | AD20: =F20+H20+J20+L20+N20+P20+R20+T20+V20+X20+Z20+AB20 -> 6096.12
A21: 物流部 | B21: 基本养老保险 | C21: =VLOOKUP(B21,核算科目!B:C,2,0) -> 员工成本 | D21: 华润沧州医药有限公司.物流部.销售费用-员工成本-社会保险费-基本养老保险.-.-.-.-.-.-.- | E21: 2673.3 | F21: 2943.03 | G21: 2673.3 | H21: 2943.03 | I21: 2673.3 | J21: 2943.03 | K21: 2673.3 | L21: 2943.03 | M21: 2673.3 | N21: 2943.03 | O21: 2673.3 | P21: 2943.03 | Q21: 2673.3 | R21: 5585.81 | S21: 6449.52 | T21: 5444.06 | U21: 1324.65 | V21: 1577.88 | W21: 2943.03 | X21: 3216.06 | Y21: 2943.03 | Z21: 3216.06 | AA21: 2943.03 | AB21: 4498.3 | AC21: =E21+G21+I21+K21+M21+O21+Q21+S21+U21+W21+Y21+AA21 -> 35316.36 | AD21: =F21+H21+J21+L21+N21+P21+R21+T21+V21+X21+Z21+AB21 -> 41196.35
A22: 物流部-运输组 | B22: 基本养老保险 | C22: =VLOOKUP(B22,核算科目!B:C,2,0) -> 员工成本 | D22: 华润沧州医药有限公司.物流部-运输组.销售费用-员工成本-社会保险费-基本养老保险.-.-.-.-.-.-.- | E22: 13455.49 | F22: 10612.7 | G22: 12891.03 | H22: 11395.18 | I22: 13173.26 | J22: 11395.18 | K22: 13173.26 | L22: 11729 | M22: 11446.62 | N22: 11562.09 | O22: 12309.94 | P22: 11562.09 | Q22: 12309.94 | R22: 11562.09 | S22: 18007.7 | T22: 30060.65 | U22: 9196.5 | V22: 4906.93 | W22: 12177.66 | X22: 12859.15 | Y22: 12177.66 | Z22: 12859.15 | AA22: 12177.66 | AB22: 12859.15 | AC22: =E22+G22+I22+K22+M22+O22+Q22+S22+U22+W22+Y22+AA22 -> 152496.72 | AD22: =F22+H22+J22+L22+N22+P22+R22+T22+V22+X22+Z22+AB22 -> 153363.36
A23: 物流部-仓储组 | B23: 基本养老保险 | C23: =VLOOKUP(B23,核算科目!B:C,2,0) -> 员工成本 | D23: 华润沧州医药有限公司.物流部-仓储组.销售费用-员工成本-社会保险费-基本养老保险.-.-.-.-.-.-.- | E23: 17200.78 | F23: 15904.33 | G23: 14414.84 | H23: 17158.91 | I23: 15509.68 | J23: 16531.62 | K23: 15509.68 | L23: 14475.72 | M23: 15509.68 | N23: 15611.67 | O23: 15509.68 | P23: 15557.67 | Q23: 15509.68 | R23: 12914.89 | S23: 20084.38 | T23: 44944.62 | U23: 12757.05 | V23: 6552.59 | W23: 15277.04 | X23: 18071.52 | Y23: 16531.62 | Z23: 18818.34 | AA23: 15904.33 | AB23: 16526.51 | AC23: =E23+G23+I23+K23+M23+O23+Q23+S23+U23+W23+Y23+AA23 -> 189718.44 | AD23: =F23+H23+J23+L23+N23+P23+R23+T23+V23+X23+Z23+AB23 -> 213068.39
... A48: 物流部-仓储组 | B48: 电费 | C48: =VLOOKUP(B48,核算科目!B:C,2,0) -> 日常费用项目 | D48: 华润沧州医药有限公司.物流部-仓储组.销售费用-能源费.电费.-.-.-.-.-.- | E48: 0 | F48: -10374.51 | G48: 0 | H48: 94747.47 | I48: 0 | J48: -7527.86 | K48: 0 | L48: 40000 | M48: 0 | N48: 39987.7 | O48: 0 | P48: 44412.37 | Q48: 0 | R48: 83543.06 | S48: 0 | T48: 78054.76 | U48: 0 | V48: 35886.54 | W48: 0 | X48: 28708.09 | Y48: 25000 | Z48: -10445.59 | AA48: 38704.61 | AB48: 0 | AC48: =E48+G48+I48+K48+M48+O48+Q48+S48+U48+W48+Y48+AA48 -> 63704.61 | AD48: =F48+H48+J48+L48+N48+P48+R48+T48+V48+X48+Z48+AB48 -> 416992.03
A49: 物流部-综合组 | B49: 电费 | C49: =VLOOKUP(B49,核算科目!B:C,2,0) -> 日常费用项目 | D49: 华润沧州医药有限公司.物流部-综合组.销售费用-能源费.电费.-.-.-.-.-.- | E49: 61376.49 | G49: 59038.58 | I49: 32664.4 | J49: 35000 | K49: 29060.28 | L49: -15013.62 | M49: 24226.39 | N49: -19986.38 | O49: 52812.82 | P49: 0 | Q49: 69575.44 | R49: 0 | S49: 75303.08 | T49: 0 | U49: 52159.38 | V49: 0 | W49: 14737.38 | X49: 0 | Y49: -18716.81 | Z49: 22000 | AA49: 0 | AB49: -5386.33 | AC49: =E49+G49+I49+K49+M49+O49+Q49+S49+U49+W49+Y49+AA49 -> 452237.43 | AD49: =F49+H49+J49+L49+N49+P49+R49+T49+V49+X49+Z49+AB49 -> 16613.67
A50: 物流部-仓储组 | B50: 租赁费用 | C50: =VLOOKUP(B50,核算科目!B:C,2,0) -> 日常费用项目 | D50: 华润沧州医药有限公司.物流部-仓储组.销售费用-租赁费用.其他.-.-.-.-.-.- | E50: 17580.28 | G50: 17580.28 | I50: 0 | K50: 35160.72 | L50: 6000 | M50: 17580.28 | N50: 0 | O50: 17580.28 | P50: 0 | Q50: 17580.28 | R50: 0 | S50: 17580.28 | T50: 0 | U50: 17580.28 | V50: 0 | W50: 0 | X50: 0 | Y50: 6000 | Z50: 0 | AA50: -95229.4 | AB50: 0 | AC50: =E50+G50+I50+K50+M50+O50+Q50+S50+U50+W50+Y50+AA50 -> 68993.28 | AD50: =F50+H50+J50+L50+N50+P50+R50+T50+V50+X50+Z50+AB50 -> 6000
A51: 物流部-运输组 | B51: 路桥费 | C51: =VLOOKUP(B51,核算科目!B:C,2,0) -> 日常费用项目 | D51: 华润沧州医药有限公司.物流部-运输组.销售费用-车辆费用.路桥费.-.-.-.-.-.- | E51: 0 | F51: 1881.29 | G51: 0 | H51: 4221.15 | I51: 8623.09 | J51: 3467.51 | K51: 2076.32 | L51: 4351.81 | M51: 4032.59 | N51: 0 | O51: 3054.37 | P51: 6594.99 | Q51: 2989.71 | R51: 3820.95 | S51: 4481.4 | T51: 3533.11 | U51: 3065.02 | V51: 3781.45 | W51: 3280.3 | X51: 2356.19 | Y51: 3290.33 | Z51: 3310.39 | AA51: 4605.6 | AB51: 0 | AC51: =E51+G51+I51+K51+M51+O51+Q51+S51+U51+W51+Y51+AA51 -> 39498.73 | AD51: =F51+H51+J51+L51+N51+P51+R51+T51+V51+X51+Z51+AB51 -> 37318.84
A52: 物流部-运输组 | B52: 维修及保养费 | C52: =VLOOKUP(B52,核算科目!B:C,2,0) -> 日常费用项目 | D52: 华润沧州医药有限公司.物流部-运输组.销售费用-车辆费用.维修及保养费.-.-.-.-.-.- | E52: 0 | F52: 0 | G52: 0 | H52: 23977.03 | I52: 0 | J52: 2410 | K52: 16628.19 | L52: 5131.98 | M52: 19510.58 | N52: 15064.36 | O52: 1627.91 | P52: 0 | Q52: 0 | R52: 0 | S52: 0 | T52: 16294.66 | U52: 0 | V52: 0 | W52: 15803.12 | X52: 29867.08 | Y52: 1627.57 | Z52: 23494.74 | AA52: 13601.52 | AB52: 0 | AC52: =E52+G52+I52+K52+M52+O52+Q52+S52+U52+W52+Y52+AA52 -> 68798.89 | AD52: =F52+H52+J52+L52+N52+P52+R52+T52+V52+X52+Z52+AB52 -> 116239.85
A53: 物流部-运输组 | B53: 燃料费 | C53: =VLOOKUP(B53,核算科目!B:C,2,0) -> 日常费用项目 | D53: 华润沧州医药有限公司.物流部-运输组.销售费用-车辆费用.燃料费.-.-.-.-.-.- | E53: -3188.35 | F53: -2920.91 | G53: 24558.55 | H53: 24017.65 | I53: 15427.87 | J53: 17307.63 | K53: 22255.82 | L53: 21312.53 | M53: 24228.63 | N53: 19525.79 | O53: 22169.26 | P53: 19694.57 | Q53: 22869.06 | R53: 18789.82 | S53: 28991.14 | T53: 23485.07 | U53: 25393.27 | V53: 21335.79 | W53: 24539.76 | X53: 21607.89 | Y53: 18560.24 | Z53: 14636.02 | AA53: 51412.73 | AB53: 17610.45 | AC53: =E53+G53+I53+K53+M53+O53+Q53+S53+U53+W53+Y53+AA53 -> 277217.98 | AD53: =F53+H53+J53+L53+N53+P53+R53+T53+V53+X53+Z53+AB53 -> 216402.3
A54: 物流部-运输组 | B54: 其他车辆费用 | C54: =VLOOKUP(B54,核算科目!B:C,2,0) -> 日常费用项目 | D54: 华润沧州医药有限公司.物流部-运输组.销售费用-车辆费用.其他.-.-.-.-.-.- | E54: 0 | F54: 0 | G54: 380 | H54: 2389.9 | I54: 0 | J54: 0 | K54: 2020 | L54: 0 | M54: 440 | N54: 0 | O54: 440 | P54: 1350 | Q54: 2859.96 | R54: 45.14 | S54: 0 | T54: 0 | U54: 0 | V54: 49.9 | W54: 0 | X54: 0 | Y54: 360 | Z54: 1569.9 | AA54: 0 | AB54: 460 | AC54: =E54+G54+I54+K54+M54+O54+Q54+S54+U54+W54+Y54+AA54 -> 6499.96 | AD54: =F54+H54+J54+L54+N54+P54+R54+T54+V54+X54+Z54+AB54 -> 5864.84
A55: 物流部-仓储组 | B55: 耗用品费用 | C55: =VLOOKUP(B55,核算科目!B:C,2,0) -> 日常费用项目 | D55: 华润沧州医药有限公司.物流部-仓储组.销售费用-耗用品费用.-.-.-.-.-.-.- | E55: 0 | F55: 9728.99 | G55: 0 | H55: 2263.19 | I55: 0 | J55: 219.13 | K55: 1725.66 | L55: 4658.88 | M55: 0 | N55: 0 | O55: 5398.23 | P55: 13035.05 | Q55: 7433.63 | R55: 1673.65 | S55: 1592.92 | T55: 12094.74 | U55: 547 | V55: 0 | W55: 900 | X55: 0 | Y55: 11071.46 | Z55: 0 | AA55: 0 | AB55: 7911.84 | AC55: =E55+G55+I55+K55+M55+O55+Q55+S55+U55+W55+Y55+AA55 -> 28668.9 | AD55: =F55+H55+J55+L55+N55+P55+R55+T55+V55+X55+Z55+AB55 -> 51585.47
A56: 物流部-综合组 | B56: 耗用品费用 | C56: =VLOOKUP(B56,核算科目!B:C,2,0) -> 日常费用项目 | D56: 华润沧州医药有限公司.物流部-综合组.销售费用-耗用品费用.-.-.-.-.-.-.- | E56: 0 | G56: 0 | I56: 4424.78 | K56: 2255.41 | L56: 2906.33 | M56: 0 | N56: 0 | O56: 0 | P56: 0 | Q56: 2343.56 | R56: 0 | S56: 0 | T56: 0 | U56: 0 | V56: 0 | W56: 2520.62 | X56: 0 | Y56: 0 | Z56: 0 | AA56: 0 | AB56: 0 | AC56: =E56+G56+I56+K56+M56+O56+Q56+S56+U56+W56+Y56+AA56 -> 11544.37 | AD56: =F56+H56+J56+L56+N56+P56+R56+T56+V56+X56+Z56+AB56 -> 2906.33
A57: 物流部 | B57: 业务招待费 | C57: =VLOOKUP(B57,核算科目!B:C,2,0) -> 日常费用项目 | D57: 华润沧州医药有限公司.物流部.销售费用-业务招待费.-.-.-.-.-.-.- | E57: 0 | F57: 0 | G57: 0 | H57: 3313 | I57: 0 | J57: 0 | K57: 0 | L57: 0 | M57: 0 | N57: 0 | O57: 665 | P57: 0 | Q57: 0 | R57: 0 | S57: 0 | T57: 0 | U57: 0 | V57: 0 | W57: 0 | X57: 0 | Y57: 0 | Z57: 0 | AA57: 0 | AB57: 0 | AC57: =E57+G57+I57+K57+M57+O57+Q57+S57+U57+W57+Y57+AA57 -> 665 | AD57: =F57+H57+J57+L57+N57+P57+R57+T57+V57+X57+Z57+AB57 -> 3313
A58: 物流部-仓储组 | B58: 业务招待费 | C58: =VLOOKUP(B58,核算科目!B:C,2,0) -> 日常费用项目 | D58: 华润沧州医药有限公司.物流部-仓储组.销售费用-业务招待费.-.-.-.-.-.-.- | E58: 0 | F58: 0 | G58: 320 | H58: 690 | I58: 0 | J58: 0 | K58: 620 | L58: 0 | M58: 0 | N58: 0 | O58: 0 | P58: 0 | Q58: 0 | R58: 0 | S58: 0 | T58: 0 | U58: 1600 | V58: 0 | W58: 760 | X58: 0 | Y58: 0 | Z58: 0 | AA58: 0 | AB58: 0 | AC58: =E58+G58+I58+K58+M58+O58+Q58+S58+U58+W58+Y58+AA58 -> 3300 | AD58: =F58+H58+J58+L58+N58+P58+R58+T58+V58+X58+Z58+AB58 -> 690
A59: 物流部-仓储组 | B59: 行政收费 | C59: =VLOOKUP(B59,核算科目!B:C,2,0) -> 日常费用项目 | D59: 华润沧州医药有限公司.物流部-仓储组.销售费用-行政收费-其他.-.-.-.-.-.-.- | E59: 0 | F59: 159.3 | G59: 0 | H59: 219.6 | I59: 0 | J59: 0 | K59: 0 | L59: 0 | M59: 0 | N59: 423 | O59: 0 | P59: 219.6 | Q59: 0 | R59: 354.6 | S59: 0 | T59: 0 | U59: 0 | V59: 528.3 | W59: 0 | X59: 413.1 | Y59: 0 | Z59: 206.1 | AA59: 174.6 | AB59: 0 | AC59: =E59+G59+I59+K59+M59+O59+Q59+S59+U59+W59+Y59+AA59 -> 174.6 | AD59: =F59+H59+J59+L59+N59+P59+R59+T59+V59+X59+Z59+AB59 -> 2523.6
A60: 物流部-综合组 | B60: 行政收费 | C60: =VLOOKUP(B60,核算科目!B:C,2,0) -> 日常费用项目 | D60: 华润沧州医药有限公司.物流部-综合组.销售费用-行政收费-其他.-.-.-.-.-.-.- | E60: 0 | G60: 0 | I60: 566.04 | J60: 146.7 | K60: 1162.9 | L60: 156.48 | M60: 0 | N60: 0 | O60: 2970.3 | P60: 0 | Q60: 1187.1 | R60: 0 | S60: 671.4 | T60: 445.5 | U60: 667.8 | V60: 0 | W60: 702 | X60: 0 | Y60: 248.4 | Z60: 0 | AA60: 0 | AB60: 0 | AC60: =E60+G60+I60+K60+M60+O60+Q60+S60+U60+W60+Y60+AA60 -> 8175.94 | AD60: =F60+H60+J60+L60+N60+P60+R60+T60+V60+X60+Z60+AB60 -> 748.68
A61: 物流部-综合组 | B61: 行政收费 | C61: =VLOOKUP(B61,核算科目!B:C,2,0) -> 日常费用项目 | D61: 华润沧州医药有限公司.物流部-综合组.销售费用-行政收费-其他.其他.-.-.-.-.-.- | E61: 0 | G61: 0 | I61: 0 | J61: 210 | K61: 0 | L61: 97.56 | M61: 0 | N61: 0 | O61: 0 | P61: 0 | Q61: 0 | R61: 210 | S61: 0 | T61: 0 | U61: 0 | V61: 0 | W61: 0 | X61: 0 | Y61: 0 | Z61: 0 | AA61: 0 | AB61: 0 | AC61: =E61+G61+I61+K61+M61+O61+Q61+S61+U61+W61+Y61+AA61 -> 0 | AD61: =F61+H61+J61+L61+N61+P61+R61+T61+V61+X61+Z61+AB61 -> 517.56
A62: 物流部-运输组 | B62: 保险费 | C62: =VLOOKUP(B62,核算科目!B:C,2,0) -> 日常费用项目 | D62: 华润沧州医药有限公司.物流部-运输组.销售费用-保险费-车辆保险.-.-.-.-.-.-.- | E62: 8736.84 | F62: 8992.54 | G62: 1781 | H62: 2071.47 | I62: 0 | J62: 0 | K62: 14917.11 | L62: 14338.3 | M62: 0 | N62: 0 | O62: 12176.92 | P62: 12670.28 | Q62: 7953.44 | R62: 8552.53 | S62: 0 | T62: 0 | U62: 0 | V62: 0 | W62: 0 | X62: 0 | Y62: 0 | Z62: 3825.56 | AA62: 4089.3 | AB62: 0 | AC62: =E62+G62+I62+K62+M62+O62+Q62+S62+U62+W62+Y62+AA62 -> 49654.61 | AD62: =F62+H62+J62+L62+N62+P62+R62+T62+V62+X62+Z62+AB62 -> 50450.68
A63: 物流部 | B63: 设备折旧 | C63: =VLOOKUP(B63,核算科目!B:C,2,0) -> 非付现费用 | D63: 华润沧州医药有限公司.物流部.销售费用-折旧费用.设备折旧.-.-.-.-.-.- | E63: 0 | F63: 120 | G63: 120 | H63: 120 | I63: 120 | J63: 120 | K63: 120 | L63: 120 | M63: 120 | N63: 120 | O63: 120 | P63: 120 | Q63: 120 | R63: 120 | S63: 120 | T63: 120 | U63: 120 | V63: 0 | W63: 120 | X63: 0 | Y63: 120 | Z63: 0 | AA63: 120 | AB63: 0 | AC63: =E63+G63+I63+K63+M63+O63+Q63+S63+U63+W63+Y63+AA63 -> 1320 | AD63: =F63+H63+J63+L63+N63+P63+R63+T63+V63+X63+Z63+AB63 -> 960
A64: 物流部-仓储组 | B64: 设备折旧 | C64: =VLOOKUP(B64,核算科目!B:C,2,0) -> 非付现费用 | D64: 华润沧州医药有限公司.物流部-仓储组.销售费用-折旧费用.设备折旧.-.-.-.-.-.- | E64: 14796.08 | F64: 9845.61 | G64: 14796.08 | H64: 9845.61 | I64: 14796.08 | J64: 9845.61 | K64: 14796.08 | L64: 9845.61 | M64: 15409.8 | N64: 9845.61 | O64: 15409.8 | P64: 9845.61 | Q64: 15409.8 | R64: 11456.97 | S64: 15409.8 | T64: 11456.97 | U64: 15409.8 | V64: 11456.97 | W64: 15409.8 | X64: 11456.97 | Y64: 14434.44 | Z64: 11456.97 | AA64: 14434.12 | AB64: 11456.97 | AC64: =E64+G64+I64+K64+M64+O64+Q64+S64+U64+W64+Y64+AA64 -> 180511.68 | AD64: =F64+H64+J64+L64+N64+P64+R64+T64+V64+X64+Z64+AB64 -> 127815.48
A65: 物流部-仓储组 | B65: 办公设备折旧 | C65: =VLOOKUP(B65,核算科目!B:C,2,0) -> 非付现费用 | D65: 华润沧州医药有限公司.物流部-仓储组.销售费用-折旧费用.办公设备折旧.-.-.-.-.-.- | E65: 1174.18 | F65: 381.49 | G65: 1174.18 | H65: 381.49 | I65: 1174.18 | J65: 381.49 | K65: 1174.18 | L65: 381.49 | M65: 1174.24 | N65: 381.49 | O65: 1175.56 | P65: 381.49 | Q65: 979.41 | R65: 381.47 | S65: 979.41 | T65: 301.09 | U65: 979.41 | V65: 301.09 | W65: 979.39 | X65: 301.09 | Y65: 381.49 | Z65: 301.09 | AA65: 381.35 | AB65: 301.09 | AC65: =E65+G65+I65+K65+M65+O65+Q65+S65+U65+W65+Y65+AA65 -> 11726.98 | AD65: =F65+H65+J65+L65+N65+P65+R65+T65+V65+X65+Z65+AB65 -> 4175.86
A66: 物流部-综合组 | B66: 办公设备折旧 | C66: =VLOOKUP(B66,核算科目!B:C,2,0) -> 非付现费用 | D66: 华润沧州医药有限公司.物流部-综合组.销售费用-折旧费用.办公设备折旧.-.-.-.-.-.- | E66: 454.53 | F66: 421.28 | G66: 454.53 | H66: 290.22 | I66: 454.53 | J66: 179.35 | K66: 454.53 | L66: 179.35 | M66: 454.53 | N66: 179.35 | O66: 454.53 | P66: 179.35 | Q66: 454.53 | R66: 179.36 | S66: 454.53 | T66: 0 | U66: 454.53 | V66: 0 | W66: 454.53 | X66: 0 | Y66: 421.28 | Z66: 0 | AA66: 421.33 | AB66: 0 | AC66: =E66+G66+I66+K66+M66+O66+Q66+S66+U66+W66+Y66+AA66 -> 5387.91 | AD66: =F66+H66+J66+L66+N66+P66+R66+T66+V66+X66+Z66+AB66 -> 1608.26
A67: 物流部-运输组 | B67: 交通运输折旧 | C67: =VLOOKUP(B67,核算科目!B:C,2,0) -> 非付现费用 | D67: 华润沧州医药有限公司.物流部-运输组.销售费用-折旧费用.交通运输折旧.-.-.-.-.-.- | E67: 15359.04 | F67: 14765.64 | G67: 15359.04 | H67: 14765.64 | I67: 15359.04 | J67: 14765.64 | K67: 15359.08 | L67: 14765.64 | M67: 14750.23 | N67: 14765.64 | O67: 14750.21 | P67: 14765.64 | Q67: 14765.64 | R67: 14765.64 | S67: 14765.64 | T67: 14765.64 | U67: 14765.64 | V67: 14765.64 | W67: 14765.64 | X67: 14765.64 | Y67: 14765.64 | Z67: 14765.64 | AA67: 14765.53 | AB67: 14765.64 | AC67: =E67+G67+I67+K67+M67+O67+Q67+S67+U67+W67+Y67+AA67 -> 179530.37 | AD67: =F67+H67+J67+L67+N67+P67+R67+T67+V67+X67+Z67+AB67 -> 177187.68
A68: 物流部-综合组 | B68: 长期待摊费用摊销 | C68: =VLOOKUP(B68,核算科目!B:C,2,0) -> 非付现费用 | D68: 华润沧州医药有限公司.物流部-综合组.销售费用-摊销费用-长期待摊费用摊销-装修费.-.-.-.-.-.仓库冷库改造采购项目.- | E68: 4241.71 | F68: 4241.71 | G68: 4241.71 | H68: 4241.71 | I68: 4241.71 | J68: 4241.71 | K68: 4241.71 | L68: 4241.71 | M68: 4241.71 | N68: 4241.71 | O68: 4241.71 | P68: 4241.71 | Q68: 4241.71 | R68: 4241.71 | S68: 4241.71 | T68: 4241.71 | U68: 4241.71 | V68: 4241.71 | W68: 4241.71 | X68: 4241.71 | Y68: 4241.71 | Z68: 4241.71 | AA68: 4241.74 | AB68: 4241.71 | AC68: =E68+G68+I68+K68+M68+O68+Q68+S68+U68+W68+Y68+AA68 -> 50900.55 | AD68: =F68+H68+J68+L68+N68+P68+R68+T68+V68+X68+Z68+AB68 -> 50900.52
A69: 物流部-仓储组 | B69: 维修及保养费 | C69: =VLOOKUP(B69,核算科目!B:C,2,0) -> 日常费用项目 | D69: 华润沧州医药有限公司.物流部-仓储组.销售费用-维修及保养费.-.-.-.-.-.-.- | E69: 0 | G69: 0 | I69: 0 | K69: 0 | L69: 21862.6 | M69: 0 | N69: 0 | O69: 0 | P69: 0 | Q69: 0 | R69: 0 | S69: 0 | T69: 797.57 | U69: 0 | V69: 0 | W69: 0 | X69: 0 | Y69: 0 | Z69: 0 | AA69: 5544.49 | AB69: 2952.83 | AC69: =E69+G69+I69+K69+M69+O69+Q69+S69+U69+W69+Y69+AA69 -> 5544.49 | AD69: =F69+H69+J69+L69+N69+P69+R69+T69+V69+X69+Z69+AB69 -> 25613
A70: 物流部-仓储组 | B70: 物业管理费用 | C70: =VLOOKUP(B70,核算科目!B:C,2,0) -> 日常费用项目 | D70: 华润沧州医药有限公司.物流部-仓储组.销售费用-物业管理费用.-.-.-.-.-.-.- | E70: 0 | F70: 0 | G70: 0 | H70: 32505.66 | I70: 0 | J70: 16252.83 | K70: 0 | L70: 16252.83 | M70: 0 | N70: 16252.83 | O70: 0 | P70: 0 | Q70: 0 | R70: 16252.83 | S70: 0 | T70: 16252.83 | U70: 0 | V70: 32505.66 | W70: 0 | X70: 16252.83 | Y70: 185105.15 | Z70: 34217.72 | AA70: 16252.83 | AB70: 0 | AC70: =E70+G70+I70+K70+M70+O70+Q70+S70+U70+W70+Y70+AA70 -> 201357.98 | AD70: =F70+H70+J70+L70+N70+P70+R70+T70+V70+X70+Z70+AB70 -> 196746.02
A71: 物流部-仓储组 | B71: 使用权资产折旧 | C71: =VLOOKUP(B71,核算科目!B:C,2,0) -> 非付现费用 | D71: 华润沧州医药有限公司.物流部-仓储组.销售费用-使用权资产折旧（新租赁准则专用）.-.-.-.-.-.-.- | E71: 132914.85 | F71: 144627.08 | G71: 132914.85 | H71: 144627.08 | I71: 132914.85 | J71: 144627.08 | K71: 132914.85 | L71: 144627.08 | M71: 132914.85 | N71: 144627.08 | O71: 132914.85 | P71: 144627.08 | Q71: 132914.85 | R71: 144627.08 | S71: 132914.85 | T71: 144627.08 | U71: 132914.85 | V71: 144627.08 | W71: 132914.98 | X71: 144627.08 | Y71: 0 | Z71: 144627.08 | AA71: 144627.08 | AB71: 144627.08 | AC71: =E71+G71+I71+K71+M71+O71+Q71+S71+U71+W71+Y71+AA71 -> 1473775.7 | AD71: =F71+H71+J71+L71+N71+P71+R71+T71+V71+X71+Z71+AB71 -> 1735525
A72: 物流部-仓储组 | B72: 使用权资产折旧 | C72: =VLOOKUP(B72,核算科目!B:C,2,0) -> 非付现费用 | D72: 华润沧州医药有限公司.物流部-仓储组.财务费用-利息支出-租赁负债利息支出（新租赁准则专用）.-.-.-.-.-.-.- | E72: 6027.17 | F72: 13382.85 | G72: 5435.67 | H72: 13007.07 | I72: 4841.71 | J72: 12630.25 | K72: 4245.26 | L72: 12252.37 | M72: 3646.33 | N72: 11873.44 | O72: 3044.91 | P72: 11493.45 | Q72: 2440.98 | R72: 11112.39 | S72: 1834.54 | T72: 10730.28 | U72: 1225.57 | V72: 10347.1 | W72: 614.06 | X72: 9962.84 | Y72: 14131.27 | Z72: 9577.52 | AA72: 13757.58 | AB72: 9577.52 | AC72: =E72+G72+I72+K72+M72+O72+Q72+S72+U72+W72+Y72+AA72 -> 61245.05 | AD72: =F72+H72+J72+L72+N72+P72+R72+T72+V72+X72+Z72+AB72 -> 135947.08
A73: 物流部 | B73: 差旅费 | C73: =VLOOKUP(B73,核算科目!B:C,2,0) -> 日常费用项目 | D73: 华润沧州医药有限公司.物流部.销售费用-差旅费.国内差旅.-.-.-.华润数字科技有限公司.-.- | E73: 0 | G73: 0 | I73: 0 | K73: 0 | M73: 0 | O73: 0 | P73: 1859.83 | Q73: 0 | R73: 830.98 | S73: 0 | T73: 391.85 | U73: 0 | V73: 236.37 | W73: 0 | X73: 0 | Y73: 0 | Z73: 672.66 | AA73: 0 | AB73: 0 | AC73: =E73+G73+I73+K73+M73+O73+Q73+S73+U73+W73+Y73+AA73 -> 0 | AD73: =F73+H73+J73+L73+N73+P73+R73+T73+V73+X73+Z73+AB73 -> 3991.69
A74: 物流部 | B74: 耗用品费用 | C74: =VLOOKUP(B74,核算科目!B:C,2,0) -> 日常费用项目 | D74: 华润沧州医药有限公司.物流部.销售费用-耗用品费用.-.-.-.-.-.-.- | E74: 0 | G74: 0 | I74: 3830 | K74: 0 | M74: 0 | O74: 0 | P74: 403 | Q74: 5636.83 | R74: 0 | S74: 0 | T74: 0 | U74: 0 | V74: 0 | W74: 0 | X74: 0 | Y74: 11000 | Z74: 0 | AA74: 0 | AB74: 0 | AC74: =E74+G74+I74+K74+M74+O74+Q74+S74+U74+W74+Y74+AA74 -> 20466.83 | AD74: =F74+H74+J74+L74+N74+P74+R74+T74+V74+X74+Z74+AB74 -> 403
A75: 物流部-综合组 | B75: 物业管理费用 | C75: =VLOOKUP(B75,核算科目!B:C,2,0) -> 日常费用项目 | D75: 华润沧州医药有限公司.物流部-综合组.销售费用-物业管理费用.-.-.-.-.-.-.- | E75: 0 | G75: 0 | I75: 0 | K75: 0 | M75: 0 | O75: 0 | P75: 16252.83 | Q75: 0 | R75: 0 | S75: 0 | T75: -16252.83 | U75: 168851.32 | V75: 0 | W75: 0 | X75: 0 | Y75: -168851.32 | Z75: -16252.83 | AA75: 0 | AB75: 0 | AC75: =E75+G75+I75+K75+M75+O75+Q75+S75+U75+W75+Y75+AA75 -> 0 | AD75: =F75+H75+J75+L75+N75+P75+R75+T75+V75+X75+Z75+AB75 -> -16252.83
A76: 物流部-仓储组 | B76: 保险费 | C76: =VLOOKUP(B76,核算科目!B:C,2,0) -> 日常费用项目 | D76: 华润沧州医药有限公司.物流部-仓储组.销售费用-保险费-其他.财产险.-.-.-.-.-.- | E76: 0 | G76: 0 | I76: 0 | K76: 0 | M76: 0 | O76: 0 | Q76: 0 | R76: 20363.59 | S76: 0 | T76: 0 | U76: 0 | V76: 0 | W76: 0 | X76: 0 | Y76: 0 | Z76: 0 | AA76: 0 | AB76: 9625.82 | AC76: =E76+G76+I76+K76+M76+O76+Q76+S76+U76+W76+Y76+AA76 -> 0 | AD76: =F76+H76+J76+L76+N76+P76+R76+T76+V76+X76+Z76+AB76 -> 29989.41
A77: 物流部-仓储组 | B77: 安保服务费 | C77: =VLOOKUP(B77,核算科目!B:C,2,0) -> 日常费用项目 | D77: 华润沧州医药有限公司.物流部-仓储组.销售费用-安保服务费.-.-.-.-.-.-.- | E77: 0 | G77: 0 | I77: 0 | K77: 0 | M77: 0 | O77: 0 | Q77: 0 | R77: 1500 | S77: 0 | T77: 0 | U77: 0 | V77: 0 | W77: 0 | X77: 0 | Y77: 0 | Z77: 0 | AA77: 0 | AB77: 0 | AC77: =E77+G77+I77+K77+M77+O77+Q77+S77+U77+W77+Y77+AA77 -> 0 | AD77: =F77+H77+J77+L77+N77+P77+R77+T77+V77+X77+Z77+AB77 -> 1500
A78: 物流部-仓储组 | B78: 差旅费 | C78: =VLOOKUP(B78,核算科目!B:C,2,0) -> 日常费用项目 | D78: 华润沧州医药有限公司.物流部-仓储组.销售费用-差旅费.国内差旅.-.-.-.-.-.- | K78: 100 | M78: 0 | O78: 0 | Q78: 0 | S78: 0 | T78: 0 | U78: 0 | V78: 0 | W78: 0 | X78: 290.59 | Y78: 0 | Z78: 0 | AA78: 0 | AB78: 0 | AC78: =E78+G78+I78+K78+M78+O78+Q78+S78+U78+W78+Y78+AA78 -> 100 | AD78: =F78+H78+J78+L78+N78+P78+R78+T78+V78+X78+Z78+AB78 -> 290.59
A79: 物流部-运输组 | B79: 耗用品费用 | C79: =VLOOKUP(B79,核算科目!B:C,2,0) -> 日常费用项目 | D79: 华润沧州医药有限公司.物流部-运输组.销售费用-耗用品费用.-.-.-.-.-.-.- | K79: 726 | M79: 0 | O79: 3982.3 | Q79: 0 | S79: 0 | T79: 0 | U79: 0 | V79: 0 | W79: 0 | X79: 0 | Y79: 0 | Z79: 0 | AA79: 0 | AB79: 0 | AC79: =E79+G79+I79+K79+M79+O79+Q79+S79+U79+W79+Y79+AA79 -> 4708.3 | AD79: =F79+H79+J79+L79+N79+P79+R79+T79+V79+X79+Z79+AB79 -> 0
A80: 物流部-综合组 | B80: 维修及保养费 | C80: =VLOOKUP(B80,核算科目!B:C,2,0) -> 日常费用项目 | D80: 华润沧州医药有限公司.物流部-综合组.销售费用-维修及保养费.-.-.-.-.-.-.- | K80: 24209.43 | M80: 0 | O80: 0 | Q80: 3986.13 | S80: 2300 | T80: 0 | U80: 0 | V80: 0 | W80: 0 | X80: 0 | Y80: 600 | Z80: 0 | AA80: 0 | AB80: 0 | AC80: =E80+G80+I80+K80+M80+O80+Q80+S80+U80+W80+Y80+AA80 -> 31095.56 | AD80: =F80+H80+J80+L80+N80+P80+R80+T80+V80+X80+Z80+AB80 -> 0
A81: 物流部-综合组 | B81: 租赁费用 | C81: =VLOOKUP(B81,核算科目!B:C,2,0) -> 日常费用项目 | D81: 华润沧州医药有限公司.物流部-综合组.销售费用-租赁费用.其他.-.-.-.-.-.- | M81: 6000 | O81: 0 | Q81: 0 | S81: 0 | T81: 0 | U81: 0 | V81: 0 | W81: 0 | X81: 0 | Y81: -6000 | Z81: 0 | AA81: 0 | AB81: 0 | AC81: =E81+G81+I81+K81+M81+O81+Q81+S81+U81+W81+Y81+AA81 -> 0 | AD81: =F81+H81+J81+L81+N81+P81+R81+T81+V81+X81+Z81+AB81 -> 0
A82: 物流部-仓储组 | B82: 职工活动经费 | C82: =VLOOKUP(B82,核算科目!B:C,2,0) -> 员工成本 | D82: 华润沧州医药有限公司.物流部-仓储组.销售费用-员工成本-福利费-职工活动经费.-.-.-.-.-.-.- | I82: 244.5 | K82: 0 | M82: 0 | O82: 0 | Q82: 0 | S82: 0 | T82: 0 | U82: 0 | V82: 0 | W82: 0 | X82: 0 | Y82: 0 | Z82: 0 | AA82: 0 | AB82: 0 | AC82: =E82+G82+I82+K82+M82+O82+Q82+S82+U82+W82+Y82+AA82 -> 244.5 | AD82: =F82+H82+J82+L82+N82+P82+R82+T82+V82+X82+Z82+AB82 -> 0
A83: 物流部 | B83: 职工取暖费 | C83: =VLOOKUP(B83,核算科目!B:C,2,0) -> 员工成本 | D83: 华润沧州医药有限公司.物流部.销售费用-员工成本-福利费-职工取暖费.-.-.-.-.-.-.- | Y83: 6000 | Z83: 6000 | AA83: 0 | AB83: 0 | AC83: =E83+G83+I83+K83+M83+O83+Q83+S83+U83+W83+Y83+AA83 -> 6000 | AD83: =F83+H83+J83+L83+N83+P83+R83+T83+V83+X83+Z83+AB83 -> 6000
A84: 物流部-运输组 | B84: 职工取暖费 | C84: =VLOOKUP(B84,核算科目!B:C,2,0) -> 员工成本 | D84: 华润沧州医药有限公司.物流部-运输组.销售费用-员工成本-福利费-职工取暖费.-.-.-.-.-.-.- | Y84: 39000 | Z84: 39000 | AA84: 0 | AB84: 0 | AC84: =E84+G84+I84+K84+M84+O84+Q84+S84+U84+W84+Y84+AA84 -> 39000 | AD84: =F84+H84+J84+L84+N84+P84+R84+T84+V84+X84+Z84+AB84 -> 39000
A85: 物流部-仓储组 | B85: 职工取暖费 | C85: =VLOOKUP(B85,核算科目!B:C,2,0) -> 员工成本 | D85: 华润沧州医药有限公司.物流部-仓储组.销售费用-员工成本-福利费-职工取暖费.-.-.-.-.-.-.- | Y85: 57000 | Z85: 60000 | AA85: 0 | AB85: 0 | AC85: =E85+G85+I85+K85+M85+O85+Q85+S85+U85+W85+Y85+AA85 -> 57000 | AD85: =F85+H85+J85+L85+N85+P85+R85+T85+V85+X85+Z85+AB85 -> 60000
A86: 物流部-综合组 | B86: 职工取暖费 | C86: =VLOOKUP(B86,核算科目!B:C,2,0) -> 员工成本 | D86: 华润沧州医药有限公司.物流部-综合组.销售费用-员工成本-福利费-职工取暖费.-.-.-.-.-.-.- | Y86: 3000 | Z86: 3000 | AA86: 0 | AB86: 0 | AC86: =E86+G86+I86+K86+M86+O86+Q86+S86+U86+W86+Y86+AA86 -> 3000 | AD86: =F86+H86+J86+L86+N86+P86+R86+T86+V86+X86+Z86+AB86 -> 3000
A87: 物流部-运输组 | B87: 保险费 | C87: =VLOOKUP(B87,核算科目!B:C,2,0) -> 日常费用项目 | D87: 华润沧州医药有限公司.物流部-运输组.销售费用-保险费-其他.-.-.-.-.-.-.- | Y87: 65653.72 | Z87: 0 | AA87: 0 | AB87: 0 | AC87: =E87+G87+I87+K87+M87+O87+Q87+S87+U87+W87+Y87+AA87 -> 65653.72 | AD87: =F87+H87+J87+L87+N87+P87+R87+T87+V87+X87+Z87+AB87 -> 0
A88: 物流部 | B88: 保险费 | C88: =VLOOKUP(B88,核算科目!B:C,2,0) -> 日常费用项目 | D88: 华润沧州医药有限公司.物流部.销售费用-保险费-其他.-.-.-.-.-.-.- | I88: 16850.09 | K88: 0 | M88: 0 | O88: 0 | Q88: 0 | S88: 0 | T88: 0 | U88: 0 | V88: 0 | W88: 0 | X88: 0 | Y88: 0 | Z88: 0 | AA88: 0 | AB88: 0 | AC88: =E88+G88+I88+K88+M88+O88+Q88+S88+U88+W88+Y88+AA88 -> 16850.09 | AD88: =F88+H88+J88+L88+N88+P88+R88+T88+V88+X88+Z88+AB88 -> 0
A89: 物流部-仓储组 | B89: 保险费 | C89: =VLOOKUP(B89,核算科目!B:C,2,0) -> 日常费用项目 | D89: 华润沧州医药有限公司.物流部-仓储组.销售费用-保险费-其他.-.-.-.-.-.-.- | Z89: 0 | AA89: 14729.68 | AB89: 0 | AC89: =E89+G89+I89+K89+M89+O89+Q89+S89+U89+W89+Y89+AA89 -> 14729.68 | AD89: =F89+H89+J89+L89+N89+P89+R89+T89+V89+X89+Z89+AB89 -> 0
A90: 物流部-仓储组 | B90: 维修及保养费 | C90: =VLOOKUP(B90,核算科目!B:C,2,0) -> 日常费用项目 | D90: 华润沧州医药有限公司.物流部-仓储组.销售费用-车辆费用.维修及保养费.-.-.-.-.-.- | Q90: 15745.37 | S90: 0 | T90: 0 | U90: 0 | V90: 0 | W90: 0 | X90: 0 | Y90: 0 | Z90: 0 | AA90: 0 | AB90: 0 | AC90: =E90+G90+I90+K90+M90+O90+Q90+S90+U90+W90+Y90+AA90 -> 15745.37 | AD90: =F90+H90+J90+L90+N90+P90+R90+T90+V90+X90+Z90+AB90 -> 0
A91: 物流部-综合组 | B91: 其他车辆费用 | C91: =VLOOKUP(B91,核算科目!B:C,2,0) -> 日常费用项目 | D91: 华润沧州医药有限公司.物流部-综合组.销售费用-车辆费用.其他.-.-.-.-.-.- | Q91: 34748.48 | S91: 0 | T91: 0 | U91: 0 | V91: 0 | W91: 0 | X91: 0 | Y91: 0 | Z91: 0 | AA91: 0 | AB91: 0 | AC91: =E91+G91+I91+K91+M91+O91+Q91+S91+U91+W91+Y91+AA91 -> 34748.48 | AD91: =F91+H91+J91+L91+N91+P91+R91+T91+V91+X91+Z91+AB91 -> 0
A92: 物流部-综合组 | B92: 安保服务费 | C92: =VLOOKUP(B92,核算科目!B:C,2,0) -> 日常费用项目 | D92: 华润沧州医药有限公司.物流部-综合组.销售费用-安保服务费.-.-.-.-.-.-.- | Q92: 1485.15 | S92: 0 | T92: 0 | U92: 0 | V92: 0 | W92: 0 | X92: 0 | Y92: 0 | Z92: 0 | AA92: 0 | AB92: 0 | AC92: =E92+G92+I92+K92+M92+O92+Q92+S92+U92+W92+Y92+AA92 -> 1485.15 | AD92: =F92+H92+J92+L92+N92+P92+R92+T92+V92+X92+Z92+AB92 -> 0
A93: 物流部-运输组 | B93: 其他 | C93: =VLOOKUP(B93,核算科目!B:C,2,0) -> 日常费用项目 | D93: 华润沧州医药有限公司.物流部-运输组.营业外支出-固定资产处置损失.-.-.-.-.-.-.- | Q93: 5553.76 | S93: 0 | T93: 0 | U93: 0 | V93: 0 | W93: 0 | X93: 0 | Y93: 0 | Z93: 0 | AA93: 0 | AB93: 0 | AC93: =E93+G93+I93+K93+M93+O93+Q93+S93+U93+W93+Y93+AA93 -> 5553.76 | AD93: =F93+H93+J93+L93+N93+P93+R93+T93+V93+X93+Z93+AB93 -> 0
A94: 物流部-综合组 | B94: 职工教育经费 | C94: =VLOOKUP(B94,核算科目!B:C,2,0) -> 员工成本 | D94: 华润沧州医药有限公司.物流部-综合组.销售费用-员工成本-职工教育经费.-.-.-.-.-.-.- | O94: 456 | Q94: 0 | S94: 0 | T94: 0 | U94: 0 | V94: 0 | W94: 0 | X94: 0 | Y94: 0 | Z94: 0 | AA94: 0 | AB94: 0 | AC94: =E94+G94+I94+K94+M94+O94+Q94+S94+U94+W94+Y94+AA94 -> 456 | AD94: =F94+H94+J94+L94+N94+P94+R94+T94+V94+X94+Z94+AB94 -> 0
A95: 物流部-综合组 | B95: 劳动保护费 | C95: =VLOOKUP(B95,核算科目!B:C,2,0) -> 员工成本 | D95: 华润沧州医药有限公司.物流部-综合组.销售费用-员工成本-劳动保护费.-.-.-.-.-.-.- | O95: 430.7 | Q95: 0 | S95: 0 | T95: 0 | U95: 0 | V95: 0 | W95: 0 | X95: 0 | Y95: 0 | Z95: 0 | AA95: 0 | AB95: 0 | AC95: =E95+G95+I95+K95+M95+O95+Q95+S95+U95+W95+Y95+AA95 -> 430.7 | AD95: =F95+H95+J95+L95+N95+P95+R95+T95+V95+X95+Z95+AB95 -> 0
A96: 物流部-运输组 | B96: 其他 | C96: =VLOOKUP(B96,核算科目!B:C,2,0) -> 日常费用项目 | D96: 华润沧州医药有限公司.物流部-运输组.营业外支出-固定资产报废损失.-.-.-.-.-.-.- | O96: 808.95 | Q96: 0 | S96: 0 | T96: 0 | U96: 0 | V96: 0 | W96: 3547.67 | X96: 0 | Y96: 0 | Z96: 0 | AA96: 0 | AB96: 0 | AC96: =E96+G96+I96+K96+M96+O96+Q96+S96+U96+W96+Y96+AA96 -> 4356.62 | AD96: =F96+H96+J96+L96+N96+P96+R96+T96+V96+X96+Z96+AB96 -> 0
A97: 物流部-仓储组 | B97: 其他 | C97: =VLOOKUP(B97,核算科目!B:C,2,0) -> 日常费用项目 | D97: 华润沧州医药有限公司.物流部-仓储组.营业外支出-固定资产报废损失.-.-.-.-.-.-.- | O97: 432.16 | Q97: 0 | S97: 0 | T97: 0 | U97: 0 | V97: 0 | W97: 46633.71 | X97: 0 | Y97: 0 | Z97: 0 | AA97: 0 | AB97: 345 | AC97: =E97+G97+I97+K97+M97+O97+Q97+S97+U97+W97+Y97+AA97 -> 47065.87 | AD97: =F97+H97+J97+L97+N97+P97+R97+T97+V97+X97+Z97+AB97 -> 345
A98: 物流部-综合组 | B98: 图书资料费 | C98: =VLOOKUP(B98,核算科目!B:C,2,0) -> 日常费用项目 | D98: 华润沧州医药有限公司.物流部-综合组.销售费用-图书资料费.-.-.-.-.-.-.- | E98: 825.69 | G98: 0 | I98: 0 | K98: 0 | M98: 0 | O98: 0 | Q98: 0 | S98: 0 | T98: 0 | U98: 0 | V98: 0 | W98: 0 | X98: 0 | Y98: 0 | Z98: 0 | AA98: 0 | AB98: 0 | AC98: =E98+G98+I98+K98+M98+O98+Q98+S98+U98+W98+Y98+AA98 -> 825.69 | AD98: =F98+H98+J98+L98+N98+P98+R98+T98+V98+X98+Z98+AB98 -> 0
A99: 物流部-运输组 | B99: 差旅费 | C99: =VLOOKUP(B99,核算科目!B:C,2,0) -> 日常费用项目 | D99: 华润沧州医药有限公司.物流部-运输组.销售费用-差旅费.国内差旅.-.-.-.-.-.- | U99: 0 | V99: 2.73 | W99: 0 | X99: 0 | Y99: 0 | Z99: 0 | AA99: 0 | AB99: 0 | AC99: =E99+G99+I99+K99+M99+O99+Q99+S99+U99+W99+Y99+AA99 -> 0 | AD99: =F99+H99+J99+L99+N99+P99+R99+T99+V99+X99+Z99+AB99 -> 2.73
A100: 物流部-运输组 | B100: 差旅费 | C100: =VLOOKUP(B100,核算科目!B:C,2,0) -> 日常费用项目 | D100: 华润沧州医药有限公司.物流部-运输组.销售费用-差旅费.国内差旅.-.-.-.华润数字科技有限公司.-.- | U100: 0 | V100: 169.01 | W100: 0 | X100: 0 | Y100: 0 | Z100: 0 | AA100: 0 | AB100: 0 | AC100: =E100+G100+I100+K100+M100+O100+Q100+S100+U100+W100+Y100+AA100 -> 0 | AD100: =F100+H100+J100+L100+N100+P100+R100+T100+V100+X100+Z100+AB100 -> 169.01
A101: 物流部-综合组 | B101: 设备折旧 | C101: =VLOOKUP(B101,核算科目!B:C,2,0) -> 非付现费用 | D101: 华润沧州医药有限公司.物流部-综合组.销售费用-折旧费用.设备折旧.-.-.-.-.-.- | U101: 0 | V101: 120 | W101: 0 | X101: 120 | Y101: 0 | Z101: 120 | AA101: 0 | AB101: 120 | AC101: =E101+G101+I101+K101+M101+O101+Q101+S101+U101+W101+Y101+AA101 -> 0 | AD101: =F101+H101+J101+L101+N101+P101+R101+T101+V101+X101+Z101+AB101 -> 480
A102: 物流部-综合组 | B102: 水费 | C102: =VLOOKUP(B102,核算科目!B:C,2,0) -> 日常费用项目 | D102: 华润沧州医药有限公司.物流部-综合组.销售费用-能源费.水费.-.-.-.-.-.- | E102: 3000 | G102: 2000 | I102: 2000 | K102: -2512.2 | M102: 2000 | O102: 2000 | Q102: 2012.2 | S102: 4834.8 | T102: 0 | U102: 819.6 | V102: 0 | W102: 1964 | X102: 0 | Y102: -951.2 | Z102: 0 | AA102: 0 | AB102: 0 | AC102: =E102+G102+I102+K102+M102+O102+Q102+S102+U102+W102+Y102+AA102 -> 17167.2 | AD102: =F102+H102+J102+L102+N102+P102+R102+T102+V102+X102+Z102+AB102 -> 0
A103: 物流部-仓储组 | B103: 职工教育经费 | C103: =VLOOKUP(B103,核算科目!B:C,2,0) -> 员工成本 | D103: 华润沧州医药有限公司.物流部-仓储组.销售费用-员工成本-职工教育经费.-.-.-.-.-.-.- | S103: 100 | T103: 0 | U103: 0 | V103: 0 | W103: 0 | X103: 0 | Y103: 0 | Z103: 0 | AA103: 0 | AB103: 0 | AC103: =E103+G103+I103+K103+M103+O103+Q103+S103+U103+W103+Y103+AA103 -> 100 | AD103: =F103+H103+J103+L103+N103+P103+R103+T103+V103+X103+Z103+AB103 -> 0
A104: 物流部-综合组 | B104: 差旅费 | C104: =VLOOKUP(B104,核算科目!B:C,2,0) -> 日常费用项目 | D104: 华润沧州医药有限公司.物流部-综合组.销售费用-差旅费.国内差旅.-.-.-.-.-.- | Z104: 161.01 | AB104: 0 | AD104: =F104+H104+J104+L104+N104+P104+R104+T104+V104+X104+Z104+AB104 -> 161.01
A105: 物流部-综合组 | B105: 差旅费 | C105: =VLOOKUP(B105,核算科目!B:C,2,0) -> 日常费用项目 | D105: 华润沧州医药有限公司.物流部-综合组.销售费用-差旅费.国内差旅.-.-.-.华润数字科技有限公司.-.- | Z105: 114.16 | AB105: 0 | AD105: =F105+H105+J105+L105+N105+P105+R105+T105+V105+X105+Z105+AB105 -> 114.16
A106: 物流部-综合组 | B106: 其他 | C106: =VLOOKUP(B106,核算科目!B:C,2,0) -> 日常费用项目 | D106: 华润沧州医药有限公司.物流部-综合组.营业外支出-固定资产报废损失.-.-.-.-.-.-.- | W106: 702.64 | Y106: 0 | Z106: 0 | AA106: 0 | AB106: 0 | AC106: =E106+G106+I106+K106+M106+O106+Q106+S106+U106+W106+Y106+AA106 -> 702.64 | AD106: =F106+H106+J106+L106+N106+P106+R106+T106+V106+X106+Z106+AB106 -> 0
A107: 物流部-综合组 | B107: 保险费 | C107: =VLOOKUP(B107,核算科目!B:C,2,0) -> 日常费用项目 | D107: 华润沧州医药有限公司.物流部-综合组.销售费用-保险费-其他.-.-.-.-.-.-.- | S107: 65653.72 | T107: 0 | U107: 0 | V107: 0 | W107: 0 | X107: 0 | Y107: -65653.72 | Z107: 0 | AA107: 0 | AB107: 0 | AC107: =E107+G107+I107+K107+M107+O107+Q107+S107+U107+W107+Y107+AA107 -> 0 | AD107: =F107+H107+J107+L107+N107+P107+R107+T107+V107+X107+Z107+AB107 -> 0
A108: 物流部-运输组 | B108: 设备折旧 | C108: =VLOOKUP(B108,核算科目!B:C,2,0) -> 非付现费用 | D108: 华润沧州医药有限公司.物流部-运输组.销售费用-折旧费用.设备折旧.-.-.-.-.-.- | E108: 389.65 | G108: 389.65 | I108: 389.65 | K108: 389.65 | M108: 389.65 | O108: 389.65 | Q108: 326.6 | S108: 326.6 | T108: 0 | U108: 326.6 | V108: 0 | W108: 326.84 | X108: 0 | Y108: 0 | Z108: 0 | AA108: 0 | AB108: 0 | AC108: =E108+G108+I108+K108+M108+O108+Q108+S108+U108+W108+Y108+AA108 -> 3644.54 | AD108: =F108+H108+J108+L108+N108+P108+R108+T108+V108+X108+Z108+AB108 -> 0
A109: 物流部-运输组 | B109: 办公设备折旧 | C109: =VLOOKUP(B109,核算科目!B:C,2,0) -> 非付现费用 | D109: 华润沧州医药有限公司.物流部-运输组.销售费用-折旧费用.办公设备折旧.-.-.-.-.-.- | E109: 167.44 | G109: 167.44 | I109: 167.44 | K109: 167.44 | M109: 167.44 | O109: 59.55 | Q109: 59.55 | S109: 59.55 | T109: 0 | U109: 59.55 | V109: 0 | W109: 59.55 | X109: 0 | Y109: 0 | Z109: 0 | AA109: 0 | AB109: 0 | AC109: =E109+G109+I109+K109+M109+O109+Q109+S109+U109+W109+Y109+AA109 -> 1134.95 | AD109: =F109+H109+J109+L109+N109+P109+R109+T109+V109+X109+Z109+AB109 -> 0
A110: 物流部-仓储组 | B110: 其他折旧 | C110: =VLOOKUP(B110,核算科目!B:C,2,0) -> 非付现费用 | D110: 华润沧州医药有限公司.物流部-仓储组.销售费用-折旧费用.其他折旧.-.-.-.-.-.- | E110: 3955.58 | G110: 3955.58 | I110: 3955.58 | K110: 3955.58 | M110: 3955.58 | O110: 3955.58 | Q110: 3955.58 | S110: 3955.58 | T110: 0 | U110: 3955.58 | V110: 0 | W110: 3955.58 | X110: 0 | Y110: 3955.58 | Z110: 0 | AA110: 3955.72 | AB110: =Sheet1!F13 -> 342000 | AC110: =E110+G110+I110+K110+M110+O110+Q110+S110+U110+W110+Y110+AA110 -> 47467.1 | AD110: =F110+H110+J110+L110+N110+P110+R110+T110+V110+X110+Z110+AB110 -> 342000
A111: 物流部费用合计 | E111: =SUM(E2:E110) -> 667096.16 | F111: =SUM(F2:F110) -> 483940.04 | G111: =SUM(G2:G110) -> 709805.42 | H111: =SUM(H2:H110) -> 827879.68 | I111: =SUM(I2:I110) -> 579134.14 | J111: =SUM(J2:J110) -> 656316.57 | K111: =SUM(K2:K110) -> 693886.61 | L111: =SUM(L2:L110) -> 633429.78 | ... Z111: =SUM(Z2:Z110) -> 757914.23 | AA111: =SUM(AA2:AA110)-144312.26 -> 697475.95 | AB111: =SUM(AB2:AB110) -> 1024657.4 | AC111: =SUM(AC2:AC110)-144312.26 -> 8321303.6 | AD111: =SUM(AD2:AD110) -> 8522793.4
A112: 主营业务收入（批发） | D112: 主营业务收入（批发） | E112: 1.1431091e+08 | F112: 1.0913322e+08 | G112: 88828856 | H112: 1.1016684e+08 | I112: 1.1892991e+08 | J112: 1.0924689e+08 | K112: 1.0873043e+08 | L112: 1.2218438e+08 | M112: 99562930 | N112: 90146243 | O112: 97011098 | P112: 1.1406422e+08 | Q112: 1.0726554e+08 | R112: 1.0409428e+08 | S112: 97270175 | T112: 1.0349564e+08 | U112: 1.2512958e+08 | V112: 1.4134488e+08 | W112: 96005360 | X112: 92764401 | Y112: 100958576 | Z112: 1.1161207e+08 | AA112: 1.16094e+08 | AB112: 1.1211791e+08 | AC112: =E112+G112+I112+K112+M112+O112+Q112+S112+U112+W112+Y112+AA112 -> 1.2700973e+09 | AD112: =F112+H112+J112+L112+N112+P112+R112+T112+V112+X112+Z112+AB112 -> 1.320371e+09
A113: 物流费用率 | D113: 物流费用率 | E113: =E111/E112 -> 0.0058358049 | F113: =F111/F112 -> 0.004434397 | G113: =G111/G112 -> 0.0079907076 | H113: =H111/H112 -> 0.0075147811 | I113: =I111/I112 -> 0.0048695417 | J113: =J111/J112 -> 0.0060076454 | K113: =K111/K112 -> 0.0063817148 | L113: =L111/L112 -> 0.0051842126 | ... AD113: =AD111/AD112 -> 0.0064548475
A115: 主营业务收入（合并） | D115: 主营业务收入（合并） | E115: 1.1900367e+08 | F115: 1.136508e+08 | G115: 95473205 | H115: 1.2029184e+08 | I115: 1.2554764e+08 | J115: 1.1763199e+08 | K115: 1.1471499e+08 | L115: 1.3068853e+08 | M115: 1.0651579e+08 | N115: 98009083 | O115: 1.0370194e+08 | P115: 1.245378e+08 | Q115: 1.1493543e+08 | R115: 1.1276214e+08 | S115: 1.0479111e+08 | T115: 1.1375847e+08 | U115: 1.3223943e+08 | V115: 1.5054287e+08 | W115: 1.0384995e+08 | X115: 1.0318752e+08 | Y115: 1.0837337e+08 | Z115: 1.2265023e+08 | AA115: 1.2445052e+08 | AB115: 1.2046048e+08 | AC115: =E115+G115+I115+K115+M115+O115+Q115+S115+U115+W115+Y115+AA115 -> 1.353597e+09 | AD115: =F115+H115+J115+L115+N115+P115+R115+T115+V115+X115+Z115+AB115 -> 1.4281718e+09
A116: 物流费用率 | D116: 物流费用率 | E116: =E111/E115 -> 0.0056056774 | F116: =F111/F115 -> 0.0042581313 | G116: =G111/G115 -> 0.0074346034 | H116: =H111/H115 -> 0.0068822595 | I116: =I111/I115 -> 0.0046128634 | J116: =J111/J115 -> 0.0055794055 | K116: =K111/K115 -> 0.0060487877 | L116: =L111/L115 -> 0.0048468659 | ... AD116: =AD111/AD115 -> 0.0059676249

Sheet Sheet2
A1: 科目名称 | B1: 本期借方
A2: 华润沧州医药有限公司.物流部-仓储组.其他应收款-服务收入.-.-.-.-.-.-.- | B2: 0
A3: 华润沧州医药有限公司.物流部-仓储组.周转材料-低值易耗品.办公.-.-.-.-.-.- | B3: 0
A4: 华润沧州医药有限公司.物流部-综合组.周转材料-低值易耗品.办公.-.-.-.-.-.- | B4: 0
A5: 华润沧州医药有限公司.物流部-运输组.主营业务成本-运输成本.-.-.-.-.-.-.- | B5: 137384.93
A6: 华润沧州医药有限公司.物流部-运输组.税金及附加-车船税.-.-.-.-.-.-.- | B6: 0
A7: 华润沧州医药有限公司.物流部.销售费用-员工成本-工资.基本工资.-.-.-.-.-.- | B7: 29607.44
A8: 华润沧州医药有限公司.物流部-运输组.销售费用-员工成本-工资.基本工资.-.-.-.-.-.- | B8: 69774.06
A9: 华润沧州医药有限公司.物流部-仓储组.销售费用-员工成本-工资.基本工资.-.-.-.-.-.- | B9: 102709.21
A10: 华润沧州医药有限公司.物流部-综合组.销售费用-员工成本-工资.基本工资.-.-.-.-.-.- | B10: 5589
A11: 华润沧州医药有限公司.物流部.销售费用-员工成本-奖金.-.-.-.-.-.-.- | B11: 0
A12: 华润沧州医药有限公司.物流部-运输组.销售费用-员工成本-奖金.-.-.-.-.-.-.- | B12: 0
A13: 华润沧州医药有限公司.物流部-仓储组.销售费用-员工成本-奖金.-.-.-.-.-.-.- | B13: 0
... A92: 华润沧州医药有限公司.物流部-仓储组.营业外支出-固定资产报废损失.-.-.-.-.-.-.- | B92: 345

Sheet Sheet1
E2: 项目 | F2: 万元（不含税）
E3: 透析液计提3-4季度 | F3: 15
E4: 电费计提 | F4: 4
E5: 落地配计提 | F5: 6
E6: 油费计提 | F6: 2.2
E7: 物业费计提 | F7: 1.6
E8: 修车空调 | F8: 0.6
E9: 发货费 | F9: 0.4
E10: 车辆维修 | F10: 3.5
E11: 餐费 | F11: 0.9
E12: 合计 | F12: =SUM(F3:F11) -> 34.2
F13: =F12*10000 -> 342000

Sheet 核算科目
A1: 业务科目编码 | B1: 业务科目名称 | C1: 二级预算科目
A2: B01010101 | B2: 工资 | C2: 员工成本
A3: B01010102 | B3: 奖金 | C3: 员工成本
A4: B01010103 | B4: 津贴及补贴 | C4: 员工成本
A5: B01010104001 | B5: 基本养老保险 | C5: 员工成本
A6: B01010104002 | B6: 基本医疗保险 | C6: 员工成本
A7: B01010104003 | B7: 生育保险 | C7: 员工成本
A8: B01010104004 | B8: 失业保险 | C8: 员工成本
A9: B01010104005 | B9: 工伤保险 | C9: 员工成本
A10: B01010104006 | B10: 其他社会保险费 | C10: 员工成本
A11: B01010105 | B11: 职工住房公积金 | C11: 员工成本
A12: B01010106001 | B12: 食堂费用 | C12: 员工成本
... A115: B010206001 | B115: 使用权资产-房屋及建筑物/机器和仪器设备/交通运输工具/办公设备/其他使用权资产 | C115: 使用权资产（新租赁准则）
